 Dungeon Crawl Stone Soup version 0.29.1-1-gd02db6906a (webtiles) character file.

Game seed: 13848647274103881613

21 LabCoat the Trooper (level 2, -5/27 HPs)
             Began as a Hill Orc Fighter on Oct 11, 2022.
             Slain by Sigmund
             ... wielding a +0 scythe
              (10 damage)
             ... on level 2 of the Dungeon.
             The game lasted 00:01:42 (1297 turns).

LabCoat the Trooper (Hill Orc Fighter)              Turns: 1297, Time: 00:01:42

Health: -5/27      AC:  6    Str: 18    XL:     2   Next: 87%
Magic:  2/2        EV:  9    Int:  8    God:
Gold:   39         SH:  4    Dex: 10    Spells: 1/1 levels left

rFire   . . .      SeeInvis .   a - +1 war axe
rCold   + . .      Faith    .   c - +0 buckler
rNeg    . . .      Spirit   .   b - +0 scale mail
rPois   .          Reflect  .   (no helmet)
rElec   .          Harm     .   (no cloak)
rCorr   .          Rampage  .   (no gloves)
Will    .....                   (no boots)
Stlth   ..........              (no amulet)
HPRegen 0.09/turn               e - ring of protection from cold
MPRegen 0.08/turn               (no ring)

@: mighty
A: no striking features
a: no special abilities


You were on level 2 of the Dungeon.
You visited 1 branch of the dungeon, and saw 2 of its levels.

You collected 39 gold pieces.

Inventory:

Hand Weapons
 a - a +1 war axe (weapon)
Armour
 b - a +0 scale mail (worn)
 c - a +0 buckler (worn)
Jewellery
 e - a ring of protection from cold (left hand)
Potions
 f - a potion of cancellation {unknown}
 g - a potion of brilliance {unknown}
 h - a potion of berserk rage {unknown}
 i - a potion of degeneration {unknown}
 j - 2 potions of curing {unknown}
 k - a potion of heal wounds {unknown}


   Skills:
 * Level 4.0 Fighting
 * Level 3.3 Axes
 + Level 3.4 Armour
 + Level 0.6 Dodging
 - Level 3.2 Shields


You had one spell level left.
You didn't know any spells.
Your spell library was empty.

Dungeon Overview and Level Annotations

Branches:
Dungeon (2/15)

Altars:

Annotations:
D:2 Sigmund


Message History

You barely miss the bat. The bat hits you but does no damage.
You barely miss the bat. You block the bat's attack. The bat barely misses you.
The bat misses you.
You closely miss the bat. The bat closely misses you. x3
You miss the bat. The bat hits you but does no damage. x2
You block the bat's attack.
You barely miss the bat. You block the bat's attack.
The bat hits you but does no damage.
You slash the bat!
You kill the bat!
Found a mace.
Found 7 stones.
You now have 39 gold pieces (gained 12).
Found a sling.
k - a purple potion
Found a dagger.
Sigmund the Dreaded comes into view.
He is wielding a +0 scythe and wearing a +2 robe of the Archmagi.
You aren't carrying any items that you can evoke.
Sigmund gestures wildly while chanting.
Sigmund flickers and vanishes!
Deactivating autopickup; reactivate with Ctrl-A.
A magic dart appears from out of thin air!
The magic dart hits you.
You hear some strange, mumbled words.
You are confused.
You closely miss something. Something hits you but does no damage.
You're too confused to move!
Something hits you!
You barely miss something. Something hits you.
You barely miss something. Something hits you.
You feel very mighty all of a sudden.
You feel less confused.
You hear some strange, mumbled words.
Something tries to affect you, but you resist.
You closely miss something. Something hits you.
* * * LOW HITPOINT WARNING * * *
You miss something. Something hits you but does no damage.
You miss something. Something hits you but does no damage.
You barely miss something. Something hits you.
* * * LOW HITPOINT WARNING * * *
You closely miss something. Something hits you!
You die...

# #..# # #..#
###############..#
#................#
##......#########.#
##......####.....##
##..........)###.#
##......###### #.#
####.##.# ######@#
#....##.# #.....{#
...(...)#........#
........###......#
.................#
.........###.....#
#..)...#.# #.....#
###.####.# #.....#
#.# # #.....#


There were no monsters in sight!

Vanquished Creatures
  A worm (D:2)
  2 endoplasms (D:1)
  A giant cockroach (D:2)
  A goblin (D:1)
  2 hobgoblins
  4 quokkas
  2 ball pythons (D:1)
  A bat (D:2)
  A kobold (D:1)
  A rat (D:1)
16 creatures vanquished.

Notes
Turn   | Place    | Note
-------+----------+-------------------------------------------
     0 | D:1      | LabCoat the Hill Orc Fighter began the quest for the Orb.
     0 | D:1      | Reached XP level 1. HP: 19/19 MP: 1/1
    74 | D:1      | Found a faded altar of an unknown god.
   658 | D:1      | Reached XP level 2. HP: 27/27 MP: 2/2
   996 | D:2      | Reached skill level 4 in Fighting
  1280 | D:2      | Noticed Sigmund
  1297 | D:2      | Slain by Sigmund

Illustrated notes

Levels and vault maps discovered:
D:1:      lemuel_arrival_river_ford, layout_basic,
          ebering_ecumenical_altar_sacrificial, ebering_dispersal_statue_hall
D:2:      layout_basic, basic_altar, uniq_natasha, uniq_sigmund,
          uniq_crazy_yiuf_cottage

Skill      XL: |  1  2 |
---------------+-------+-----
Axes           | 3 |  3.3
Fighting       | 4 |  4.0
Armour         | |  3.4
Dodging        | |  0.6
Shields        | |  3.2

Action                   || total
-------------------------++-------
Melee: War axe           ||    51
  Use: Scroll            ||     2
       Potion            ||     1
Armor: Scale mail        ||    13
Dodge: Dodged            ||    22
Block: Buckler           ||    14
